 Dungeon Crawl Stone Soup version 0.27.0-1-g7a089689b8 (webtiles) character file.

Game seed: 16910979971473843944

145044 SnakkuSnakku7 the Markstroll (level 16, 0/142 HPs)
             Began as a Troll Fire Elementalist on Aug 9, 2021.
             Was the Champion of Hepliaklqana.
             Slain by a naga warrior (4 damage)
             ... on level 3 of the Snake Pit.
             The game lasted 00:47:24 (26828 turns).

SnakkuSnakku7 the Markstroll (TrFE)                Turns: 26828, Time: 00:47:24

Health: 0/142      AC: 25    Str: 20    XL:     16   Next: 86%
Magic:  16/16      EV: -1    Int: 11    God:    Hepliaklqana [******]
Gold:   342        SH:  0    Dex: 15    Spells: 17/17 levels left

rFire    + + .     SeeInvis +   a - +3 longbow (chaos)
rCold    + + .     Faith    .   (shield currently unavailable)
rNeg     . . .     Spirit   .   N - +3 gold dragon scales
rPois    +         Reflect  .   S - +2 hat
rElec    .         Harm     .   H - +0 cloak {rC+}
rCorr    .         Rampage  .   (gloves unavailable)
Will     +....                  (boots unavailable)
Stlth    ..........             u - amulet of regeneration
HPRegen  2.33/turn              J - ring of see invisible
MPRegen  0.15/turn              O - ring of protection from fire

@: slowed, constricted, very slow
A: reduced essence, large, unfitting armour, claws 3, regeneration 1, shaggy fur
1, tough skin 1
a: Renounce Religion, Recall Ancestor, Ancestor Identity, Transference, Idealise


You were on level 3 of the Snake Pit.
You worshipped Hepliaklqana.
Hepliaklqana was exalted by your worship.
You visited 5 branches of the dungeon, and saw 28 of its levels.
You also visited: Sewer, Ossuary, Bailey and Ice Cave.

You collected 2711 gold pieces.
You spent 2369 gold pieces at shops.

Inventory:

Hand Weapons
 a - a +3 longbow of chaos (weapon)
Missiles
 k - 248 arrows (quivered ammo)
 G - 4 throwing nets
Armour
 H - a +0 cloak of cold resistance (worn)
 N - +3 gold dragon scales (worn)
 S - a +2 hat (worn)
Jewellery
 b - an amulet of magic regeneration
 e - a ring of magical power
 f - a ring of positive energy
 r - a ring of ice
 u - an amulet of regeneration (around neck)
 I - a +4 ring of protection
 J - a ring of see invisible (left claw)
 O - a ring of protection from fire (right claw)
 Q - a ring of flight
Wands
 h - a wand of paralysis (4)
 m - a wand of mindburst (20)
 n - a wand of acid (7)
 o - a wand of charming (11)
 q - a wand of digging (23)
 F - a wand of polymorph (40)
 P - a wand of iceblast (11)
 R - a wand of flame (80)
Scrolls
 c - 3 scrolls of immolation
 d - 8 scrolls of teleportation
 p - 2 scrolls of fear
 y - a scroll of acquirement {unknown}
 A - 3 scrolls of magic mapping
 C - 4 scrolls of amnesia
 D - 2 scrolls of holy word
 K - 2 scrolls of fog
 U - 3 scrolls of identify
Potions
 g - 2 potions of mutation
 i - 5 potions of berserk rage
 j - 10 potions of curing
 l - 7 potions of haste
 s - 8 potions of might
 t - 7 potions of magic
 v - 4 potions of cancellation
 w - 2 potions of invisibility
 x - 5 potions of flight
 z - 8 potions of brilliance
 B - 2 potions of resistance
 E - a potion of ambrosia
 L - 5 potions of attraction
 V - 3 potions of heal wounds
Miscellaneous
 M - a condenser vane


   Skills:
 - Level 10.0 Fighting
 + Level 17.5 Bows
 - Level 10.0 Armour
 - Level 2.6 Dodging
 - Level 1.0 Stealth
 - Level 1.9 Unarmed Combat
 - Level 1.2 Spellcasting
 - Level 0.6 Conjurations
 - Level 2.1 Fire Magic


You had 17 spell levels left.
You didn't know any spells.
Your spell library contained the following spells:

 Spells                   Type           Power      Damage    Failure   Level
 Animate Skeleton         Necr           0%         N/A       100%        1
 Foxfire                  Conj/Fire      12%        2x1d4     100%        1
 Pain                     Necr           0%         1d4       100%        1
 Sting                    Tmut/Pois      0%         1d3       100%        1
 Ensorcelled Hibernation  Hex/Ice        0%         N/A       100%        2
 Poisonous Vapours        Pois/Air       0%         N/A       100%        2
 Sublimation of Blood     Necr           0%         N/A       100%        2
 Wereblood                Tmut           0%         N/A       100%        2
 Conjure Flame            Conj/Fire      3%         6-21      100%        3
 Gell's Gravitas          Tloc           0%         N/A       100%        3
 Ignite Poison            Fire/Tmut/Pois 2%         N/A       100%        3
 Inner Flame              Hex/Fire       3%         N/A       100%        3
 Spider Form              Tmut/Pois      0%         N/A       100%        3
 Teleport Other           Tloc           0%         N/A       100%        3
 Tukima's Dance           Hex            0%         N/A       100%        3
 Vampiric Draining        Necr           0%         2d6       100%        3
 Hailstorm                Conj/Ice       1%         3d3       100%        4
 Ice Form                 Ice/Tmut       0%         N/A       100%        4
 Olgreb's Toxic Radiance  Pois           0%         N/A       100%        4
 Passage of Golubria      Tloc           N/A        N/A       100%        4
 Sticky Flame             Conj/Fire      3%         2d3       100%        4
 Blade Hands              Tmut           0%         N/A       100%        5
 Fireball                 Conj/Fire      1%         3d3       100%        5
 Freezing Cloud           Conj/Ice/Air   0%         6-21      100%        5
 Irradiate                Conj/Tmut      0%         3d13      100%        5
 Yara's Violent Unravell  Hex/Tmut       0%         3d3       100%        5
 Dispersal                Tloc           0%         N/A       100%        6
 Shadow Creatures         Summ           N/A        N/A       100%        6
 Simulacrum               Ice/Necr       0%         N/A       100%        6
 Dragon Form              Tmut           0%         N/A       100%        7
 Summon Hydra             Summ           0%         N/A       100%        7
 Borgnjor's Revivificati  Necr           0%         N/A       100%        8
 Necromutation            Tmut/Necr      0%         N/A       100%        8
 Chain Lightning          Conj/Air       0%         2d1       100%        9
 Death's Door             Necr           0%         N/A       100%        9


Dungeon Overview and Level Annotations

Branches:
Dungeon (15/15)            Temple (1/1) D:5            Lair (6/6) D:9
  Swamp (0/4) Lair:3        Snake (4/4) Lair:2        Slime (0/5) Lair:6
    Orc (2/2) D:9             Elf (0/3) Orc:2        Vaults (0/5) D:14
 Depths (0/5) D:15          Sewer (visited)         Ossuary (visited)
 Bailey (visited)           IceCv (visited)

Altars:
Ashenzari
Cheibriados
Dithmenos
Elyvilon
Fedhas
Gozag
Hepliaklqana
Kikubaaqudgha
Makhleb
Nemelex Xobeh
Okawaru
Qazlal
Ru
Sif Muna
Trog
Uskayaw
Vehumet
Wu Jian
Xom
Yredelemnul
Zin
The Shining One
Beogh

Shops:
D:2 (   D:7 *   D:10 [   Orc:2 *[[(

Annotations:
Snake:4 Asterion


Innate Abilities, Weirdness & Mutations

Your life essence is reduced to manifest your ancestor. (-10% HP)
You are too large for most types of armour.
You have claws for hands.
Your natural rate of healing is unusually fast.
You are covered in fur. (AC +1)
You have tough skin. (AC +1)


Message History

The guardian serpent coils itself and waves its upper body at you.
You feel as though you will be slow longer.
The shock serpent bites you. The shock serpent shocks you!
The naga warrior completely misses you. The naga warrior constricts you.
The guardian serpent hits you but does no damage.
Fire: 250 arrows
Press: ? - help, Q - select action, (/) - cycle Shift-Dir - straight line, f/p - shock serpent
Aim: a shock serpent (severely wounded, slow, 60% to hit)
You shoot an arrow.
The arrow closely misses the shock serpent.
The guardian serpent hits you! The shock serpent bites you!
The shock serpent shocks you! The naga warrior spits poison at you.
The splash of poison hits you. You resist. The naga warrior constricts you.
The guardian serpent hits you!
The shock serpent bites you but does no damage.
Fire: 249 arrows
Press: ? - help, Q - select action, (/) - cycle Shift-Dir - straight line, f/p - shock serpent
Aim: a shock serpent (severely wounded, slow, 60% to hit)
You shoot an arrow. The arrow hits the shock serpent!!
The shock serpent seems to slow down.
The arrow freezes the shock serpent.
You kill the shock serpent!
The air sparks with electricity, shocking you!
* * * LOW HITPOINT WARNING * * *
The guardian serpent coils itself and waves its upper body at you.
The bolt of poison hits you. You resist.
* * * LOW HITPOINT WARNING * * *
The naga warrior hits you with a +0 short sword!
* * * LOW HITPOINT WARNING * * *
The naga warrior constricts you. The guardian serpent hits you!
* * * LOW HITPOINT WARNING * * *
The naga warrior hits you with a +0 short sword!!
* * * LOW HITPOINT WARNING * * *
The naga warrior constricts you.
As you read the scroll of fear, it crumbles to dust.
You assume a fearsome visage.
The naga warrior easily resists.
The guardian serpent looks frightened!
The naga warrior hits you but does no damage.
You die...

#....##..............## ###...##
.............##.......## ##...#
.....##...#..#####.....####.#.##
.....##...####..##.......#R####
.........###...........##.##
..##....########.......####
..##.##......S.......###
.########...[......### .###
#...(.....(@N##
...####.........##.#
#...............##.#
###...............##
##..............#
################


You could see a naga warrior and a guardian serpent (fleeing).

Vanquished Creatures
  Rupert (Lair:3)
  An azure jelly (Snake:3)
  An orc warlord (Orc:2)
  A very ugly thing (D:15)
  An ettin (Orc:1)
  Harold (D:11)
  8 hydras
  5 naga warriors
  A rakshasa (D:15)
  Fannar (Lair:3)
  The ghost of DemonSlayer the Carver, a journeyman HuBe of Trog (D:9)
  An ogre mage (Orc:2)
  2 centaur warriors (D:13)
  3 anacondas
  3 boulder beetles
  3 two-headed ogres
  3 death yaks
  A naga sharpshooter (Snake:4)
  3 shock serpents
  2 orc high priests (Orc:2)
  Sonja (Lair:2)
  A glowing orange brain (Snake:1)
  A wizard (D:15)
  2 bog bodies
  Pikel (D:7)
  An obsidian statue (IceCv)
  2 deep elf pyromancers
  A lindwurm (shapeshifter) (D:15)
  A mana viper (Snake:3)
  4 orc knights
  5 orc sorcerers
  11 ugly things
  7 salamanders
  4 cyclopes
  2 manticores
  6 black mambas
  8 elephants
  2 gargoyles
  6 naga magi
  9 cane toads
  2 unseen horrors
  2 kobold demonologists
  A komodo dragon (shapeshifter) (D:13)
  5 komodo dragons
  2 efreet (D:14)
  4 freezing wraiths
  A golden dragon simulacrum (IceCv)
  2 tengu conjurers (D:15)
  4 ice devils (IceCv)
  3 entropy weaver simulacra (IceCv)
  8 trolls
  4 hornets
  4 polar bears
  16 slime creatures
  16 blink frogs
  4 dream sheep
  Sigmund (D:3)
  9 spriggans (Lair:6)
  4 shadows
  A vampire (D:11)
  2 wyverns
  2 wraiths
  4 spriggan simulacra (IceCv)
  A fire bat (Lair:4)
  A basilisk (Lair:6)
  Grum (D:8)
  7 minotaur simulacra (IceCv)
  45 yaks
  7 vampire mosquitoes
  22 nagas
  A harpy simulacrum (IceCv)
  3 swamp worms (Lair:3)
  3 hydra simulacra (IceCv)
  Edmund (D:5)
  A warg (Orc:2)
  8 water moccasins
  3 black bears
  25 orc warriors
  4 sky beasts
  An ettin simulacrum (IceCv)
  An ice beast (D:7)
  2 necrophages
  16 ogres
  4 boggarts (Lair:6)
  29 wolves
  9 centaurs
  2 lemures (D:7)
  A phantom (D:5)
  2 kobold brigands
  Blork the orc (D:5)
  12 bullfrogs
  5 deep troll simulacra (IceCv)
  A water moccasin zombie (D:6)
  2 gnoll sergeants (D:9)
  4 scorpions
  2 killer bees (D:10)
  2 lindwurm simulacra (IceCv)
  3 electric eels
  4 howler monkeys
  3 centaur zombies
  2 human zombies (Ossuary)
  A crimson imp (D:8)
  5 hounds
  A gnoll shaman (D:9)
  19 orc priests
  A centaur skeleton (D:5)
  5 jellies
  Ijyb (D:5)
  3 iguanas
  A scorpion zombie (Ossuary)
  22 orc wizards
  A hell rat (Lair:1)
  A killer bee zombie (D:5)
  3 mummies (Ossuary)
  2 hound skeletons
  16 gnolls
  8 adders
  15 river rats
  A shadow imp (D:5)
  A white imp (D:7)
  An ufetubus (D:5)
  2 worms (D:3)
  4 dart slugs
  74 orcs
  20 ball pythons
  9 endoplasms
  6 giant cockroaches
  8 goblins
  7 hobgoblins
  7 jackals
  7 quokkas
  A bat (D:1)
  3 frilled lizards
  19 kobolds
  3 orc zombies (Ossuary)
  28 rats
766 creatures vanquished.

Vanquished Creatures (collateral kills)
  An Ice Fiend (IceCv)
  Erolcha (D:10)
  A hydra (Lair:6)
  A salamander tyrant (Snake:3)
  3 naga warriors
  2 anacondas (Snake:1)
  A catoblepas (D:15)
  A two-headed ogre (D:14)
  A vampire mage (D:14)
  An orc high priest (D:13)
  2 death yaks (Lair:5)
  A naga sharpshooter (Snake:3)
  A shock serpent (Snake:2)
  Urug (D:11)
  A salamander mystic (Snake:2)
  A glowing orange brain (D:15)
  A deep elf zephyrmancer (D:14)
  A mana viper (Snake:3)
  6 ugly things
  3 cyclopes
  7 black mambas
  An elephant (Lair:5)
  A torpor snail (Lair:2)
  5 naga magi
  A molten gargoyle (Lair:4)
  3 rime drakes
  8 cane toads
  A kobold demonologist (D:13)
  An efreet (D:15)
  4 komodo dragons
  4 entropy weaver simulacra (IceCv)
  A tengu conjurer (D:15)
  3 trolls
  A hornet (Snake:3)
  A polar bear (Lair:6)
  4 blink frogs
  A dream sheep (Lair:2)
  3 slime creatures
  2 spriggans (Lair:6)
  20 yaks
  A wraith (D:11)
  A fire bat (Lair:4)
  A basilisk (D:15)
  A spriggan simulacrum (IceCv)
  2 minotaur simulacra (IceCv)
  A vampire mosquito (D:10)
  A swamp worm (Lair:3)
  A warg (Orc:2)
  9 nagas
  A water moccasin (Lair:3)
  A black bear (Lair:6)
  11 orc warriors
  2 ogres (Orc:2)
  A necrophage (D:7)
  8 wolves
  A lemure (D:7)
  A kobold brigand (D:7)
  4 bullfrogs
  A gnoll sergeant (D:8)
  A scorpion (Ossuary)
  A deep troll simulacrum (IceCv)
  3 killer bees
  2 electric eels
  3 centaur zombies
  A bullfrog skeleton (D:6)
  A human zombie (Ossuary)
  4 orc priests
  3 hounds
  2 orc wizards
  A scorpion zombie (Ossuary)
  A hell rat (Lair:1)
  6 gnolls
  A river rat (Lair:1)
  13 orcs
  3 gnoll zombies (Ossuary)
  A goblin zombie (Ossuary)
  3 kobolds
202 creatures vanquished.

Vanquished Creatures (others)
  A hydra (Lair:6)
  An ancestor (D:7)
  19 knights
  A kobold (D:7)
  19 fungi
  23 plants
64 creatures vanquished.

Grand Total: 1032 creatures vanquished

Notes
Turn   | Place    | Note
-------+----------+-------------------------------------------
     0 | D:1      | SnakkuSnakku7 the Troll Fire Elementalist began the quest
                  | for the Orb.
     0 | D:1      | Reached XP level 1. HP: 16/16 MP: 1/1
   176 | D:1      | Reached skill level 1 in Unarmed Combat
   198 | D:1      | Reached XP level 2. HP: 26/26 MP: 2/2
   370 | D:1      | Reached skill level 1 in Fighting
   780 | D:1      | Reached XP level 3. HP: 33/33 MP: 3/3
   931 | D:2      | Found Risuluh's Weapon Emporium.
  1449 | D:3      | Found an ornate altar of the Wu Jian Council.
  1516 | D:3      | Found a snail-covered altar of Cheibriados.
  1519 | D:3      | Reached skill level 1 in Bows
  1571 | D:3      | Reached XP level 4. HP: 38/41 MP: 4/4
  1709 | D:3      | Noticed Sigmund
  2000 | D:3      | Found a glowing drain.
  2018 | Sewer    | Entered a sewer
  2111 | Sewer    | Reached skill level 2 in Bows
  2167 | Sewer    | Reached XP level 5. HP: 43/48 MP: 5/5
  2439 | Sewer    | Reached skill level 3 in Bows
  2439 | Sewer    | Reached XP level 6. HP: 48/55 MP: 6/6
  3177 | D:4      | Reached skill level 4 in Bows
  3334 | D:2      | Bought a +1 longbow of flaming for 151 gold pieces
  3488 | D:3      | Killed Sigmund
  3489 | D:3      | Reached XP level 7. HP: 23/62 MP: 7/7
  3806 | D:4      | Reached skill level 5 in Bows
  3975 | D:5      | Entered Level 5 of the Dungeon
  4022 | D:5      | Noticed Edmund
  4056 | D:5      | Killed Edmund
  4183 | D:5      | Found a staircase to the Ecumenical Temple.
  4188 | Temple   | Entered the Ecumenical Temple
  4206 | Temple   | Became a worshipper of Hepliaklqana the Forgotten
  4231 | D:5      | Reached skill level 6 in Bows
  4231 | D:5      | Reached XP level 8. HP: 68/70 MP: 8/8
  4413 | D:5      | Noticed Ijyb
  4419 | D:5      | Killed Ijyb
  4515 | D:5      | Noticed Blork the orc
  4570 | D:5      | Killed Blork the orc
  4571 | D:5      | Reached skill level 7 in Bows
  5042 | D:5      | Found a sparkling altar of Nemelex Xobeh.
  5206 | D:6      | Reached * piety under Hepliaklqana
  5215 | D:6      | Found an iron altar of Okawaru.
  5247 | D:6      | Reached XP level 9. HP: 51/68 MP: 9/9
  5249 | D:6      | Reached skill level 8 in Bows
  5330 | D:6      | Got the Papyrus of Freezing Lightness
  5352 | D:6      | Found a sand-covered staircase.
  5360 | Ossuary  | Entered an ossuary
  5803 | D:6      | Found the +4 robe of Folly {Brilliance Will-∞ Int+8}
  6406 | D:7      | Reached skill level 9 in Bows
  6407 | D:7      | Noticed Pikel
  6434 | D:7      | Killed Pikel
  6554 | D:7      | Reached ** piety under Hepliaklqana
  6556 | D:7      | Remembered your ancestor Dandy J as a knight
  6582 | D:7      | Found a flagged portal.
  6608 | Bailey   | Entered a bailey
  6608 | Bailey   | Noticed an orc knight
  6608 | Bailey   | Noticed an orc knight
  6608 | Bailey   | Noticed an orc knight
  6608 | Bailey   | Noticed an orc knight
  6623 | Bailey   | Killed an orc knight
  6624 | Bailey   | Reached skill level 10 in Bows
  6624 | Bailey   | Reached XP level 10. HP: 12/76 MP: 10/10
  6677 | D:7      | Found a radiant altar of Vehumet.
  6797 | D:7      | Found an opulent altar of Gozag.
  6808 | D:7      | Found Gozag's Platinum Reserve.
  7888 | D:8      | Noticed a two-headed ogre
  7888 | D:8      | Noticed a cyclops
  7943 | D:8      | Found a shimmering altar of Xom.
  7943 | D:8      | Found a burning altar of Makhleb.
  7953 | D:8      | Reached *** piety under Hepliaklqana
  8035 | D:8      | Noticed Grum
  8042 | D:8      | Killed Grum
  8406 | D:8      | Killed a cyclops
  8407 | D:8      | Reached skill level 11 in Bows
  8414 | D:8      | Killed a two-headed ogre
  8548 | D:9      | Reached XP level 11. HP: 82/82 MP: 11/11
  8582 | D:9      | Found a staircase to the Lair.
  8817 | D:9      | Found a basalt altar of Yredelemnul.
  8843 | D:9      | Found a staircase to the Orcish Mines.
  8895 | D:9      | Noticed an eight-headed hydra
  8895 | D:9      | Noticed DemonSlayer's ghost (journeyman HuBe)
  8911 | D:9      | Found a runed translucent gate.
  8911 | D:9      | Found a runed translucent gate.
  8913 | D:9      | Found a runed translucent gate.
  9340 | D:10     | Entered Level 10 of the Dungeon
  9344 | D:10     | Reached skill level 12 in Bows
  9415 | D:10     | Found Jugri's Armour Shop.
  9423 | D:10     | Bought a +0 cloak for 58 gold pieces
  9635 | D:10     | Noticed Erolcha
  9654 | D:10     | Killed Erolcha
 10284 | Lair:1   | Entered Level 1 of the Lair of Beasts
 10339 | Lair:1   | Noticed a four-headed hydra
 10346 | Lair:1   | Killed a four-headed hydra
 10485 | Lair:1   | Reached skill level 13 in Bows
 10544 | Lair:1   | Reached **** piety under Hepliaklqana
 10721 | Lair:1   | Reached XP level 12. HP: 90/90 MP: 12/12
 11301 | Lair:2   | Found a staircase to the Snake Pit.
 11691 | Lair:2   | Noticed Sonja
 11698 | Lair:2   | Reached skill level 14 in Bows
 11703 | Lair:2   | Killed Sonja
 12035 | Lair:3   | Noticed Rupert
 12080 | Lair:3   | Found a sparkling altar of Nemelex Xobeh.
 12087 | Lair:3   | Killed Rupert
 12503 | Lair:3   | Noticed Fannar
 12628 | Lair:3   | Found a staircase to the Swamp.
 12699 | Lair:3   | Killed Fannar
 12700 | Lair:3   | Reached XP level 13. HP: 95/95 MP: 13/13
 12947 | Lair:4   | Reached ***** piety under Hepliaklqana
 13020 | Lair:4   | Reached skill level 15 in Bows
 14857 | Lair:6   | Entered Level 6 of the Lair of Beasts
 14890 | Lair:6   | Found a staircase to the Slime Pits.
 14992 | Lair:6   | Reached skill level 16 in Bows
 15221 | Lair:6   | Reached XP level 14. HP: 102/102 MP: 14/14
 16082 | Lair:6   | Reached skill level 17 in Bows
 16676 | D:9      | Killed DemonSlayer's ghost
 16874 | D:11     | Noticed Urug
 16884 | D:11     | Killed Urug
 17139 | D:11     | Noticed Harold
 17146 | D:11     | Killed Harold
 17483 | D:11     | Found a glowing silver altar of Zin.
 17484 | D:11     | Noticed an angel
 17937 | D:12     | Identified the +0 leather armour of the Ancient Wishes
                  | {Stlth+}
 18057 | D:12     | Reached ****** piety under Hepliaklqana
 18805 | D:13     | Found a runed translucent door.
 18825 | D:13     | Reached XP level 15. HP: 104/117 MP: 15/15
 19240 | D:14     | Reached skill level 5 in Fighting
 19760 | D:14     | Found a gate to the Vaults.
 20007 | D:15     | Entered Level 15 of the Dungeon
 20555 | D:15     | Found a white marble altar of Elyvilon.
 20993 | D:15     | Found a staircase to the Depths.
 21375 | Orc:1    | Entered Level 1 of the Orcish Mines
 21758 | Orc:2    | Entered Level 2 of the Orcish Mines
 22117 | Orc:2    | Found a staircase to the Elven Halls.
 22303 | Orc:2    | Reached skill level 10 in Fighting
 22506 | Orc:2    | Found Donavoj's Antique Armour Shop.
 22544 | Orc:2    | Noticed an orc warlord
 22557 | Orc:2    | Killed an orc warlord
 22558 | Orc:2    | Reached skill level 1 in Armour
 22958 | Orc:2    | Found Usiwy's Assorted Antiques.
 23012 | Orc:2    | Bought gold dragon scales for 2160 gold pieces
 23112 | Orc:2    | Found Myreixt's Antique Weapon Shoppe.
 23118 | Orc:2    | Found Waixid's Antique Armour Emporium.
 23272 | Snake:1  | Entered Level 1 of the Snake Pit
 23319 | Snake:1  | Reached XP level 16. HP: 142/142 MP: 16/16
 23696 | Snake:1  | Reached skill level 5 in Armour
 25394 | Snake:3  | Found a frozen archway.
 25429 | IceCv    | Entered an ice cave
 26014 | IceCv    | Noticed an Ice Fiend
 26041 | IceCv    | Killed an Ice Fiend
 26118 | IceCv    | Identified the +0 cloak "Ugaynnia" {rCorr Str+3}
 26709 | Snake:4  | Entered Level 4 of the Snake Pit
 26756 | Snake:4  | Reached skill level 10 in Armour
 26819 | Snake:4  | Noticed Asterion
 26827 | Snake:3  | HP: 1/142 [naga warrior (18)]
 26828 | Snake:3  | Slain by a naga warrior

Illustrated notes

Levels and vault maps discovered:
D:1:      amcnicky_arrival_underground_garden, layout_basic
D:2:      layout_rooms, serial_shops, nicolae_shop_statue_plus, serial_curves,
          eino_curves_02, eino_curves_03
D:3:      layout_basic, kennysheep_slug_shrine, mainiacjoe_overflow_brackets,
          cheibrodos_sewer_entry_bend, uniq_sigmund
D:4:      layout_basic
D:5:      layout_loops_ring, nemelex_diamond_rough_becter, temple_doors_e,
          minmay_quadrilaterals, uniq_ijyb, uniq_edmund, uniq_blork_the_orc
D:6:      layout_loops_ring, general_overflow_altar, enter_ossuary_2
D:7:      layout_layer_cave, nicolae_gozag_zags_fifth_avenue, vehumet_crystals,
          enter_bailey_7, uniq_pikel
D:8:      layout_gridville, grunt_temple_overflow_champion_of_chaos,
          lightli_corner_chamber, uniq_grum
D:9:      layout_loops_ring, nicolae_overflow_hidden_temple, erik_lair_island,
          gammafunk_ghost_split
D:10:     layout_grid_maze, serial_shops, nicolae_shop_statue_plus,
          corexii_checkpoint_a, ebering_dispersal_statue_hall, uniq_erolcha
D:11:     layout_basic, zin_angel, uniq_urug, uniq_harold
D:12:     layout_cave_pools
D:13:     layout_loops_cross, lightli_church_of_beogh
D:14:     layout_basic, david_vaults_1, minmay_strange_pillars,
          minmay_crystal_room, nzn_life_drinkers
D:15:     gammafunk_enter_depths_forms, layout_cave_pods, elyvilon_altar_3
Temple:   cyrus_circular_temple
Lair:1:   layout_chaotic_city, kennysheep_rathole
Lair:2:   layout_hall_layers, guppyfry_snake_entry_island, uniq_sonja
Lair:3:   layout_hall_layers, nicolae_swamp_entry_splash_gauntlet, basic_altar,
          uniq_fannar, uniq_rupert
Lair:4:   layout_gridlike
Lair:5:   layout_cave_pods, chequers_serial_rivers_room_b
Lair:6:   minmay_lair_end_enchanted_forest, layout_misc_corridors,
          nicolae_slime_entry_slimehenge, minmay_stone_trees_medium,
          st_stairs_3, grunt_megastairs_4
Snake:1:  nicolae_snake_hallway, layout_onion, serial_bayou_shore_b
Snake:2:  layout_chambers
Snake:3:  layout_onion_interference, portal_ice_cave_entry_frozen_things
Snake:4:  grunt_snake_rune_spirals, layout_onion, serial_shops, shop,
          uniq_asterion
Orc:1:    layout_caves
Orc:2:    grunt_orc_community_town_hall, layout_caves,
          grunt_orc_community_big_house_1, grunt_orc_community_big_house_1,
          grunt_orc_community_house_3, grunt_orc_community_house_3,
          grunt_orc_community_house_2, grunt_orc_community_house_3,
          statue_in_the_mist_lemuel, mines4_lemuel

Skill      XL: |  1  2  3  4  5  6  7  8  9 10 11 12 13 14 15 16 |
---------------+-------------------------------------------------+-----
Unarmed Combat | 1 |  1.9
Fighting       | 1 3 10 | 10.0
Bows           | 1 2 3 4 6 7 10 11 13 14 16 17 | 17.5
Dodging        | 2 |  2.6
Armour         | 3 10 | 10.0
Stealth        | |  1.0
Spellcasting   | |  1.2
Conjurations   | |  0.6
Fire Magic     | |  2.1

Action                   |  1- 3 |  4- 6 |  7- 9 | 10-12 | 13-15 | 16-18 || total
-------------------------+-------+-------+-------+-------+-------+-------++-------
Melee: Unarmed           |   125 |   249 |   186 |       |       |       ||   560
       Punch             |     1 |     3 |     3 |       |       |       ||     7
       Longbow           |       |       |     1 |     3 |     2 |       ||     6
 Fire: Longbow           |       |     5 |   203 |   579 |  1565 |   561 ||  2913
Invok: Ancestor Identity |       |       |     1 |       |       |       ||     1
       Ancestor Life: Kn |       |       |     1 |       |       |       ||     1
       Recall Ancestor   |       |       |       |     1 |     2 |       ||     3
Evoke: Wand              |       |       |       |     1 |     1 |       ||     2
       Condenser vane    |       |       |       |       |     1 |       ||     1
  Use: Scroll            |       |    14 |     5 |     7 |    17 |     3 ||    46
       Potion            |       |       |     2 |     4 |     1 |       ||     7
 Stab: Sleeping          |     2 |       |     1 |       |       |       ||     3
Armor: Robe              |    46 |   111 |   136 |    34 |       |       ||   327
       Troll leather arm |       |       |       |    28 |   151 |       ||   179
       Gold dragon scale |       |       |       |       |     3 |   160 ||   163
Dodge: Dodged            |    62 |   148 |   181 |    82 |   164 |    13 ||   650
